 Dungeon Crawl Stone Soup version 0.29-a0-870-g2c972031a6 (webtiles) character file.

Game seed: 14542693121444305200

1011 mathmaestro the Grave Robber (level 8, 54/61 HPs)
             Began as a Demonspawn Necromancer on July 17, 2022.
             Quit the game on level 5 of the Dungeon.
             The game lasted 00:14:00 (5244 turns).

mathmaestro the Grave Robber (DsNe)                 Turns: 5244, Time: 00:14:01

Health: 54/61      AC:  4    Str:  9    XL:     8   Next: 1%
Magic:  14/14      EV: 12    Int: 19    God:
Gold:   152        SH:  4    Dex: 24    Spells: 8/16 levels left

rFire   . . .      SeeInvis .   m - +1 hand axe (flame)
rCold   . . .      Faith    +   (no shield)
rNeg    . . .      Spirit   .   d - +0 leather armour
rPois   .          Reflect  .   (no helmet)
rElec   .          Harm     .   j - +0 cloak of Kusif {Dex+5}
rCorr   .          Rampage  .   (no gloves)
Will    .....                   (no boots)
Stlth   ++........              h - amulet of faith
HPRegen 0.20/turn               u - +6 ring of dexterity
MPRegen 0.14/turn               (no ring)

@: no status effects
A: large bone plates 1, powered by pain 1, demonic touch 2
a: no special abilities


You were on level 5 of the Dungeon.
You visited 1 branch of the dungeon, and saw 5 of its levels.

You collected 323 gold pieces.
You spent 171 gold pieces at shops.

Inventory:

Hand Weapons
 m - a +1 hand axe of flaming (weapon)
 t - a +0 dagger of venom
Missiles
 v - 5 boomerangs
 x - 2 silver boomerangs
Armour
 d - a +0 leather armour (worn)
 j - the +0 cloak of Kusif (worn) {Dex+5}
   (You bought it in a shop on level 3 of the Dungeon)

   Dex:       It affects your dexterity (+5).
Magical Staves
 i - a staff of earth
Jewellery
 h - an amulet of faith (around neck)
 u - a +6 ring of dexterity (left hand)
Scrolls
 a - a scroll of fog
 c - a scroll of fear
 e - 3 scrolls of identify
 f - a scroll of silence
 w - a scroll of vulnerability {unknown}
Potions
 b - 2 potions of magic
 g - a potion of berserk rage
 k - 5 potions of curing
 l - a potion of cancellation {unknown}
 n - 2 potions of flight {unknown}
 o - 3 potions of brilliance
 p - a potion of might {unknown}
 q - a potion of invisibility {unknown}
 s - a potion of heal wounds {unknown}


   Skills:
 + Level 4.4 Fighting
 + Level 3.6 Armour
 - Level 2.0 Dodging
 - Level 2.0 Stealth
 + Level 4.6 Spellcasting
 + Level 6.8 Necromancy


You had 8 spell levels left.
You knew the following spells:

 Your Spells              Type           Power      Damage    Failure   Level
a - Necrotise             Necr           100%       1d9       1%          1
b - Vampiric Draining     Necr           30%        2d8       3%          3
c - Animate Dead          Necr           30%        N/A       11%         4

Your spell library contained the following spells:

 Spells                   Type           Power      Damage    Failure   Level
 Foxfire                  Conj/Fire      16%        2x1d4     19%         1
 Slow                     Hex            16%        N/A       19%         1
 Agony                    Necr           30%        N/A       30%         5
 Confusing Touch          Hex            4%         N/A       47%         3
 Conjure Flame            Conj/Fire      4%         6-21      47%         3
 Inner Flame              Hex/Fire       4%         N/A       47%         3
 Flame Wave               Conj/Fire      4%         2d5       87%         4


Dungeon Overview and Level Annotations

Branches:
Dungeon (5/15)
 Temple: D:4-7

Altars:
Ashenzari
Dithmenos
Makhleb
Qazlal
Wu Jian

Shops:
D:3 [


Innate Abilities, Weirdness & Mutations

You are partially covered in large bone plates. (SH +4)
You sometimes gain a little power by taking damage.
Your touch may inflict irresistible damage on your foes.


Message History

Your gnoll skeleton crumbles into dust! x2
Magic restored.
k - 5 potions of curing (gained 2)
You see here a +0 whip.
Sigmund the Dreaded comes into view.
He is wielding a +0 scythe.
Your +1 hand axe of flaming stops flaming.
Your +0 dagger of venom begins to drip with poison!
t - a +0 dagger of venom (weapon)
Sigmund shouts!
You hear a shout!
An orc comes into view. It is wielding a +0 whip.
Aiming: Paralyse
Press: ? - help, Shift-Dir - straight line, f - Sigmund
Aim: Sigmund, wielding a +0 scythe and wearing a +0 robe (chance to affect: 57%) Sigmund resists with significant effort.
Sigmund points at you and mumbles some strange words.
The magic dart hits you!
Aiming: Paralyse
Press: ? - help, Shift-Dir - straight line, f/p - Sigmund
Aim: Sigmund, wielding a +0 scythe and wearing a +0 robe (chance to affect: 57%) Sigmund resists with significant effort.
Aiming: Paralyse
Press: ? - help, Shift-Dir - straight line, f/p - Sigmund
Aim: Sigmund, wielding a +0 scythe and wearing a +0 robe (chance to affect: 57%) Sigmund suddenly stops moving!
The now-empty wand crumbles to dust.
An orc comes into view. It is wielding a +0 hand axe.
The helpless Sigmund fails to defend himself.
You puncture Sigmund!
Sigmund is poisoned.
Sigmund is moderately wounded.
The helpless Sigmund fails to defend himself.
You puncture Sigmund!
You kill Sigmund!
You have reached level 8!
You feel clever.
Your demonic ancestry asserts itself...
You feel energised by your suffering.
Your +0 dagger of venom stops dripping with poison.
Your +1 hand axe of flaming bursts into flame!
m - a +1 hand axe of flaming (weapon)
An orc comes into view. It is wielding a +0 short sword.
The orc barely misses you.
Are you sure you want to abandon this character and quit the game? (Confirm with "yes".)

..............#......#
..............#......#
..............#......#
##########...........#
#...........#
#........# ####.....#
###..## ##@# #o# #o#
#.# ..# ..# ⌠8.# o..#
.⌠8.#


You could see 3 orcs.

Vanquished Creatures
  Sigmund (D:5)
  Menkaure (D:5)
  Duvessa (D:5)
  An ogre (D:4)
  A centaur (D:5)
  A scorpion (D:4)
  Dowan (D:4)
  3 hounds
  2 jellies
  2 orc priests (D:5)
  An iguana (D:4)
  2 gnolls (D:5)
  An adder (D:5)
  2 worms
  2 dart slugs
  13 orcs
  4 ball pythons
  3 endoplasms
  3 giant cockroaches
  7 goblins
  5 hobgoblins
  3 jackals (D:1)
  5 quokkas
  7 bats
  4 frilled lizards (D:1)
  8 kobolds
  A rat (D:1)
85 creatures vanquished.

Vanquished Creatures (collateral kills)
  A gnoll (D:5)
  A rat (D:1)
2 creatures vanquished.

Vanquished Creatures (others)
  4 demonic plants (D:1)
  A fungus (D:1)
  3 withered plants (D:1)
8 creatures vanquished.

Grand Total: 95 creatures vanquished

Notes
Turn   | Place    | Note
-------+----------+-------------------------------------------
     0 | D:1      | mathmaestro the Demonspawn Necromancer began the quest for
                  | the Orb.
     0 | D:1      | Reached XP level 1. HP: 13/13 MP: 3/3
   237 | D:1      | Found a faded altar of an unknown god.
   313 | D:1      | Gained mutation: Your touch may inflict minor irresistible
                  | damage on your foes. [demonic ancestry]
   313 | D:1      | Reached XP level 2. HP: 20/20 MP: 1/5
   856 | D:1      | Reached skill level 1 in Fighting
  1126 | D:2      | Gained mutation: You are partially covered in large bone
                  | plates. (SH +4) [demonic ancestry]
  1126 | D:2      | Reached XP level 3. HP: 26/26 MP: 3/6
  1130 | D:2      | Learned a level 3 spell: Vampiric Draining
  2100 | D:3      | Found Ixuff's Antique Armour Emporium.
  2285 | D:3      | Bought a translucent cloak for 171 gold pieces
  2285 | D:3      | Identified the +0 cloak of Kusif {Dex+5} (You bought it in
                  | a shop on level 3 of the Dungeon)
  2403 | D:3      | Found an ornate altar of the Wu Jian Council.
  2405 | D:3      | Found a burning altar of Makhleb.
  3066 | D:4      | Reached skill level 5 in Necromancy
  3066 | D:4      | Reached XP level 4. HP: 28/33 MP: 2/8
  3117 | D:4      | Learned a level 4 spell: Animate Dead
  3136 | D:4      | Noticed a scorpion
  3156 | D:4      | Killed a scorpion
  3157 | D:4      | Reached skill level 1 in Armour
  3157 | D:4      | Reached XP level 5. HP: 38/38 MP: 6/9
  3257 | D:4      | Noticed an ogre
  3272 | D:4      | Killed an ogre
  3859 | D:4      | Gained mutation: Your touch may inflict irresistible damage
                  | on your foes. [demonic ancestry]
  3859 | D:4      | Reached XP level 6. HP: 46/46 MP: 7/11
  4108 | D:5      | Entered Level 5 of the Dungeon
  4108 | D:5      | Noticed Duvessa
  4108 | D:5      | Noticed Dowan
  4290 | D:5      | Found a broken altar of Ashenzari.
  4291 | D:5      | Found a shadowy altar of Dithmenos.
  4291 | D:5      | Found a stormy altar of Qazlal.
  4295 | D:5      | Noticed Menkaure
  4529 | D:5      | Reached skill level 6 in Necromancy
  4540 | D:5      | Killed Menkaure
  4541 | D:5      | Reached XP level 7. HP: 26/53 MP: 5/13
  5056 | D:5      | Killed Duvessa
  5062 | D:4      | Killed Dowan
  5230 | D:5      | Noticed Sigmund
  5242 | D:5      | Killed Sigmund
  5243 | D:5      | Gained mutation: You sometimes gain a little power by
                  | taking damage. [demonic ancestry]
  5243 | D:5      | Reached XP level 8. HP: 54/61 MP: 14/14
  5244 | D:5      | Quit the game

Illustrated notes

Levels and vault maps discovered:
D:1:      minmay_arrival_four_loops, layout_loops_ring,
          shapermc_ecumenical_altar_gd
D:2:      layout_rooms, minmay_ruptured
D:3:      layout_loops_ring, grunt_temple_overflow_diamond, serial_shops,
          shop_statue, grunt_ministairs_15
D:4:      layout_gridville, chequers_serial_rivers_room_a
D:5:      layout_basic, grunt_temple_overflow_open,
          minmay_temple_entry_drinking_statues, uniq_duvessa, uniq_sigmund,
          uniq_menkaure

Skill      XL: |  1  2  3  4  5  6  7 |
---------------+----------------------+-----
Stealth        | 2 |  2.0
Dodging        | 2 |  2.0
Fighting       | 1 2 3 4 |  4.4
Necromancy     | 5 6 |  6.8
Armour         | 1 2 3 |  3.6
Spellcasting   | 3 4 |  4.6

Action                   |  1- 3 |  4- 6 |  7- 9 || total
-------------------------+-------+-------+-------++-------
Melee: Whip              |    10 |       |       ||    10
       Touch             |     1 |     4 |       ||     5
       Hand axe          |     1 |    13 |       ||    14
       Dagger            |       |     3 |     4 ||     7
       Punch             |       |     1 |       ||     1
 Cast: Necrotise         |    90 |    50 |    27 ||   167
       Vampiric Draining |       |     4 |     4 ||     8
Evoke: Wand              |       |     9 |     4 ||    13
  Use: Scroll            |    11 |       |       ||    11
 Stab: Paralysed         |       |     4 |     4 ||     8
Armor: Robe              |     3 |       |       ||     3
       Leather armour    |     1 |     6 |     3 ||    10
Dodge: Dodged            |    19 |    34 |    10 ||    63
Block: Other             |     1 |    10 |     1 ||    12

Table legend: (Time is in decaauts)
 A = Elapsed time spent in this place.
 B = Non-inter-level travel time spent in this place.
 C = Inter-level travel time spent in this place.
 D = Time resting spent in this place.
 E = Time spent auto-exploring this place.
 F = Levels seen in this place.
 G = Mean time per level.
                   A        B        C        D        E       F      G
               +--------+--------+--------+--------+--------+-----+--------+
         Total |   5249 |   4964 |    285 |   1437 |   2698 |   5 | 1049.8 |
       Dungeon |   5249 |   4964 |    285 |   1437 |   2698 |   5 | 1049.8 |
               +--------+--------+--------+--------+--------+-----+--------+

Top non-repeatable levels by time:
     D:4: 1572 daAuts
     D:3: 1158 daAuts
     D:1: 1081 daAuts
     D:5: 803 daAuts
     D:2: 633 daAuts
